NYP
STATE COLLEGE SPIKES @ HILLSBORO HOPS
07/09/2048
 
TOP OF THE 1ST
State College Spikes batting - Pitching for Hillsboro Hops : RHP Jose Rodas
Pitching: RHP Jose Rodas
Batting: RHB Bobby Miles 0-0: Ground out 5-3 (Groundball, 25, EV 85.0 MPH)
Batting: RHB Pat Scaturro 0-0: Ball
1-0: Ball
2-0: SINGLE (Groundball, 6MD, EV 100.0 MPH)
Batting: RHB Ricky Yerzy 0-0: Ball
1-0: Called Strike
1-1: Ball
2-1: Ball
Pat Scaturro steals 2nd base
3-1: Swinging Strike
3-2: Fly out, F3 (Popup, 3SF, EV 68.1 MPH)
Batting: RHB Sam Daw 0-0: Called Strike
0-1: Fly out, F7 (Flyball, 7D, EV 90.6 MPH)
Top of the 1st over - 0 runs, 1 hit, 0 errors, 1 left on base; State College 0 - Hillsboro 0
BOTTOM OF THE 1ST
Hillsboro Hops batting - Pitching for State College Spikes : RHP Roberto Ruiz
Pitching: RHP Roberto Ruiz
Batting: RHB Yutaka Oki 0-0: Called Strike
0-1: Foul Ball, location: 2F
0-2: Foul Ball, location: 2F
0-2: Ball
1-2: Fly out, F7 (Flyball, 7LS, EV 88.1 MPH)
Batting: RHB Daniel Rivera 0-0: Foul Ball, location: 2F
0-1: Swinging Strike
0-2: Ball
1-2: Strikes out looking
Batting: RHB Terry Jarrells 0-0: Called Strike
0-1: Called Strike
0-2: Ball
1-2: Foul Ball, location: 2F
1-2: SINGLE (Groundball, 6MD, EV 94.4 MPH)
Batting: LHB Franklin Quezada 0-0: Ball
1-0: Called Strike
1-1: Foul Ball, location: 2F
1-2: Ground out 4-3 (Groundball, 34, EV 95.6 MPH)
Bottom of the 1st over - 0 runs, 1 hit, 0 errors, 1 left on base; State College 0 - Hillsboro 0
TOP OF THE 2ND
State College Spikes batting - Pitching for Hillsboro Hops : RHP Jose Rodas
Batting: RHB Roberto Ruiz 0-0: Called Strike
0-1: Foul Ball, location: 2F
0-2: Ball
1-2: Ball
2-2: Ball
3-2: Strikes out swinging
Batting: SHB Bobby Mercado 0-0: Swinging Strike
0-1: DOUBLE (Groundball, 5L, EV 103.1 MPH)
Batting: LHB Ken Compton 0-0: Ball
Bobby Mercado steals 3rd, throwing error, E2
Bobby Mercado scores
1-0: Swinging Strike
1-1: Ball
2-1: Fly out, F6 (Flyball, 6D, EV 83.8 MPH)
Batting: RHB Nelson Salamanca 0-0: Ball
1-0: Foul Ball, location: 2F
1-1: Swinging Strike
1-2: Strikes out looking
Top of the 2nd over - 1 run, 1 hit, 1 error, 0 left on base; State College 1 - Hillsboro 0
BOTTOM OF THE 2ND
Hillsboro Hops batting - Pitching for State College Spikes : RHP Roberto Ruiz
Batting: RHB Jonathan Underhill 0-0: Ball
1-0: Called Strike
1-1: Ball
2-1: Foul Ball, location: 2F
2-2: Ground out 6-3 (Groundball, 6, EV 85.0 MPH)
Batting: RHB Cesar Rendon 0-0: Called Strike
0-1: Foul Ball, location: 2F
0-2: Strikes out swinging
Batting: RHB Antonio Luisa 0-0: Ball
1-0: Reached on error, E6 (Groundball, 6S, EV 82.5 MPH)
Batting: RHB John Ricketts 0-0: Called Strike
Antonio Luisa is caught stealing 2nd base 2-4
Bottom of the 2nd over - 0 runs, 0 hits, 1 error, 0 left on base; State College 1 - Hillsboro 0
TOP OF THE 3RD
State College Spikes batting - Pitching for Hillsboro Hops : RHP Jose Rodas
Batting: RHB Mario Carbajal 0-0: Called Strike
0-1: Foul Ball, location: 2F
0-2: Strikes out swinging
Batting: RHB Bobby Miles 0-0: Ball
1-0: Called Strike
1-1: Ball
2-1: SINGLE (Line Drive, 34D, EV 98.8 MPH)
Batting: RHB Pat Scaturro 0-0: DOUBLE (Line Drive, 3D, EV 110.0 MPH)
Bobby Miles to third
Batting: RHB Ricky Yerzy 0-0: Ball
1-0: Called Strike
1-1: Foul Ball, location: 2F
1-2: Strikes out looking
Batting: RHB Sam Daw 0-0: Ball
1-0: Called Strike
1-1: Called Strike
1-2: Fly out, F3 (Line Drive, 3, EV 77.5 MPH)
Top of the 3rd over - 0 runs, 2 hits, 0 errors, 2 left on base; State College 1 - Hillsboro 0
BOTTOM OF THE 3RD
Hillsboro Hops batting - Pitching for State College Spikes : RHP Roberto Ruiz
Batting: RHB John Ricketts 0-0: Called Strike
0-1: Ball
1-1: Foul Ball, location: 2F
1-2: Foul Ball, location: 2F
1-2: Ball
2-2: Ball
3-2: Strikes out swinging
Batting: LHB Josh Kirk 0-0: Called Strike
0-1: TRIPLE (Line Drive, 78XD, EV 103.8 MPH)
Batting: RHB Yutaka Oki 0-0: Ball
1-0: Called Strike
1-1: SINGLE (Flyball, 78S, EV 96.2 MPH)
Josh Kirk scores
Batting: RHB Daniel Rivera 0-0: Ball
1-0: Ball
2-0: Called Strike
2-1: Called Strike
Yutaka Oki steals 2nd, throwing error, E2
Yutaka Oki to third
2-2: Strikes out swinging
Batting: RHB Terry Jarrells 0-0: Called Strike
0-1: Ball
1-1: Ball
2-1: Swinging Strike
2-2: Strikes out swinging
Bottom of the 3rd over - 1 run, 2 hits, 1 error, 1 left on base; State College 1 - Hillsboro 1
TOP OF THE 4TH
State College Spikes batting - Pitching for Hillsboro Hops : RHP Jose Rodas
Batting: RHB Roberto Ruiz 0-0: Ball
1-0: Swinging Strike
1-1: Ball
2-1: Foul Ball, location: 2F
2-2: Ball
3-2: Fly out, F9 (Flyball, 89M, EV 75.6 MPH)
Batting: SHB Bobby Mercado 0-0: Ball
1-0: Called Strike
1-1: Swinging Strike
1-2: Ball
2-2: Strikes out looking
Batting: LHB Ken Compton 0-0: Ball
1-0: Foul Ball, location: 2F
1-1: Fly out, F7 (Line Drive, 7LM, EV 86.9 MPH)
Top of the 4th over - 0 runs, 0 hits, 0 errors, 0 left on base; State College 1 - Hillsboro 1
BOTTOM OF THE 4TH
Hillsboro Hops batting - Pitching for State College Spikes : RHP Roberto Ruiz
Batting: LHB Franklin Quezada 0-0: Called Strike
0-1: Swinging Strike
0-2: Foul Ball, location: 2F
0-2: Ball
1-2: Foul Ball, location: 2F
1-2: Foul Ball, location: 2F
1-2: Foul Ball, location: 2F
1-2: Ball
2-2: Foul Ball, location: 2F
2-2: Foul Ball, location: 2F
2-2: Ball
3-2: Strikes out looking
Batting: RHB Jonathan Underhill 0-0: Called Strike
0-1: Ball
1-1: Swinging Strike
1-2: Foul Ball, location: 2F
1-2: Ball
2-2: Strikes out looking
Batting: RHB Cesar Rendon 0-0: Ball
1-0: Called Strike
1-1: Ball
2-1: Ground out 5-3 (Groundball, 56S, EV 73.1 MPH)
Bottom of the 4th over - 0 runs, 0 hits, 0 errors, 0 left on base; State College 1 - Hillsboro 1
TOP OF THE 5TH
State College Spikes batting - Pitching for Hillsboro Hops : RHP Jose Rodas
Batting: RHB Nelson Salamanca 0-0: Ball
1-0: Ball
2-0: Foul Ball, location: 2F
2-1: Called Strike
2-2: Fly out, F9 (Line Drive, 9, EV 98.8 MPH)
Batting: RHB Mario Carbajal 0-0: Ball
1-0: Called Strike
1-1: Ground out 6-3 (Groundball, 6, EV 96.9 MPH)
Batting: RHB Bobby Miles 0-0: Called Strike
0-1: Foul Ball, location: 2F
0-2: Ball
1-2: Foul Ball, location: 2F
1-2: Strikes out swinging
Top of the 5th over - 0 runs, 0 hits, 0 errors, 0 left on base; State College 1 - Hillsboro 1
BOTTOM OF THE 5TH
Hillsboro Hops batting - Pitching for State College Spikes : RHP Roberto Ruiz
Batting: RHB Antonio Luisa 0-0: Ball
1-0: Ground out 1-3 (Groundball, 13, EV 75.0 MPH)
Batting: RHB John Ricketts 0-0: SINGLE (Groundball, 4MD, EV 95.0 MPH) (infield hit)
Batting: LHB Josh Kirk 0-0: Ball
1-0: Ball
2-0: Ball
3-0: Called Strike
3-1: Base on Balls
John Ricketts to second
Batting: RHB Yutaka Oki 0-0: SINGLE (Line Drive, 6MD, EV 100.0 MPH)
John Ricketts to third
Josh Kirk to second
Runner from 3rd tries for Home, throw by CF and OUT! 8-2
Josh Kirk to third
Yutaka Oki to second
Batting: RHB Daniel Rivera 0-0: DOUBLE (Line Drive, 78D, EV 104.4 MPH)
Josh Kirk scores
Yutaka Oki scores
Batting: RHB Terry Jarrells 0-0: Ball
1-0: Called Strike
1-1: Called Strike
1-2: Ball
2-2: Strikes out swinging
Bottom of the 5th over - 2 runs, 3 hits, 0 errors, 1 left on base; State College 1 - Hillsboro 3
TOP OF THE 6TH
State College Spikes batting - Pitching for Hillsboro Hops : RHP Jose Rodas
Batting: RHB Pat Scaturro 0-0: Called Strike
0-1: Called Strike
0-2: Ball
1-2: Ground out 6-3 (Groundball, 6, EV 98.1 MPH)
Batting: RHB Ricky Yerzy 0-0: Foul Ball, location: 2F
0-1: Foul Ball, location: 2F
0-2: Ground out 4-3 (Groundball, 4M, EV 85.6 MPH)
Batting: RHB Sam Daw 0-0: Ball
1-0: Called Strike
1-1: Ball
2-1: Swinging Strike
2-2: Strikes out swinging
Top of the 6th over - 0 runs, 0 hits, 0 errors, 0 left on base; State College 1 - Hillsboro 3
BOTTOM OF THE 6TH
Hillsboro Hops batting - Pitching for State College Spikes : RHP Roberto Ruiz
Batting: LHB Franklin Quezada 0-0: Ball
1-0: Ball
2-0: Foul Ball, location: 2F
2-1: Ground out 4-3 (Groundball, 4, EV 85.0 MPH)
Batting: RHB Jonathan Underhill 0-0: Ball
1-0: Called Strike
1-1: Foul Ball, location: 2F
1-2: Ball
2-2: Ball
3-2: Foul Ball, location: 2F
3-2: Foul Ball, location: 2F
3-2: Base on Balls
Pitching: RHP Alex Apolinar
Batting: RHB Cesar Rendon 0-0: Ball
Jonathan Underhill steals 2nd base
1-0: Ball
2-0: Called Strike
2-1: Called Strike
2-2: DOUBLE (Line Drive, 78XD, EV 104.4 MPH)
Jonathan Underhill scores
Batting: RHB Antonio Luisa 0-0: Swinging Strike
0-1: Foul Ball, location: 3F, Error on foul ball, E3
0-2: Ground out 5-3 (Groundball, 56, EV 107.5 MPH)
Batting: RHB John Ricketts 0-0: Ball
1-0: Reached via error on a dropped throw from P, E3 (Groundball, P, EV 71.9 MPH)
Cesar Rendon to third
Batting: LHB Josh Kirk 0-0: Foul Ball, location: 2F
0-1: Ball
1-1: Fielders Choice at 2nd, 5-4 (Groundball, 56, EV 104.4 MPH)
Bottom of the 6th over - 1 run, 1 hit, 2 errors, 2 left on base; State College 1 - Hillsboro 4
TOP OF THE 7TH
State College Spikes batting - Pitching for Hillsboro Hops : RHP Jose Rodas
Batting: RHB Roberto Ruiz 0-0: Called Strike
0-1: Fly out, F9 (Flyball, 9D, EV 105.6 MPH)
Batting: SHB Bobby Mercado 0-0: Foul Ball, location: 2F
0-1: Foul Ball, location: 2F
0-2: Ball
1-2: Ball
2-2: Strikes out swinging
Batting: LHB Ken Compton 0-0: Ball
1-0: SINGLE (Groundball, 4MD, EV 98.8 MPH)
Batting: RHB Nelson Salamanca 0-0: Ball
Ken Compton steals 2nd base
1-0: Ball
2-0: Ball
Wild Pitch!
Ken Compton to third
3-0: Base on Balls
Pinch Hitting: LHB Jorge Zarazua 0-0: Foul Ball, location: 2F
0-1: Ball
1-1: Foul Ball, location: 2F
1-2: Strikes out looking
Top of the 7th over - 0 runs, 1 hit, 0 errors, 2 left on base; State College 1 - Hillsboro 4
BOTTOM OF THE 7TH
Hillsboro Hops batting - Pitching for State College Spikes : RHP Alex Apolinar
Now at 3B: Tim Cleary
Batting: RHB Yutaka Oki 0-0: Fly out, F4 (Popup, 34S, EV 87.5 MPH)
Batting: RHB Daniel Rivera 0-0: Ball
1-0: Foul Ball, location: 2F
1-1: Foul Ball, location: 2F
1-2: Ball
2-2: Strikes out swinging
Batting: RHB Terry Jarrells 0-0: Ball
1-0: Called Strike
1-1: Foul Ball, location: 2F
1-2: Ball
2-2: Fly out, F9 (Flyball, 9LM, EV 84.4 MPH)
Bottom of the 7th over - 0 runs, 0 hits, 0 errors, 0 left on base; State College 1 - Hillsboro 4
TOP OF THE 8TH
State College Spikes batting - Pitching for Hillsboro Hops : RHP Jose Rodas
Pitching: LHP Matt Bagnall
Batting: RHB Bobby Miles 0-0: Swinging Strike
0-1: Ball
1-1: Foul Ball, location: 2F
1-2: Fly out, F9 (Line Drive, 9LM, EV 95.6 MPH)
Batting: RHB Pat Scaturro 0-0: Ball
1-0: Called Strike
1-1: Ball
2-1: Ball
3-1: Foul Ball, location: 2F
3-2: Base on Balls
Batting: RHB Ricky Yerzy 0-0: Called Strike
0-1: Called Strike
0-2: Ball
1-2: Foul Ball, location: 2F
1-2: Strikes out swinging
Batting: RHB Sam Daw 0-0: Called Strike
0-1: Foul Ball, location: 2F
0-2: Strikes out swinging
Top of the 8th over - 0 runs, 0 hits, 0 errors, 1 left on base; State College 1 - Hillsboro 4
BOTTOM OF THE 8TH
Hillsboro Hops batting - Pitching for State College Spikes : RHP Alex Apolinar
Batting: LHB Franklin Quezada 0-0: Ball
1-0: Called Strike
1-1: DOUBLE (Flyball, 8LXD, EV 94.4 MPH)
Batting: RHB Jonathan Underhill 0-0: Ground out 6-3 (Groundball, 6, EV 89.4 MPH)
Franklin Quezada to third
Batting: RHB Cesar Rendon 0-0: Called Strike
0-1: Ball
1-1: Ball
2-1: Ground out 4-3 (Groundball, 4, EV 83.8 MPH)
Franklin Quezada scores
Batting: RHB Antonio Luisa 0-0: Ball
1-0: Ball
2-0: Swinging Strike
2-1: Ground out 4-3 (Groundball, 4S, EV 85.6 MPH)
Bottom of the 8th over - 1 run, 1 hit, 0 errors, 0 left on base; State College 1 - Hillsboro 5
TOP OF THE 9TH
State College Spikes batting - Pitching for Hillsboro Hops : LHP Matt Bagnall
Batting: RHB Roberto Ruiz 0-0: Called Strike
0-1: Ball
1-1: Foul Ball, location: 2F
1-2: Foul Ball, location: 2F
1-2: Ball
2-2: Fly out, F8 (Flyball, 89M, EV 86.9 MPH)
Batting: SHB Bobby Mercado 0-0: Called Strike
0-1: Swinging Strike
0-2: Ball
1-2: Strikes out swinging
Batting: LHB Ken Compton 0-0: Ball
1-0: Ground out 1-3 (Groundball, P, EV 70.0 MPH)
Top of the 9th over - 0 runs, 0 hits, 0 errors, 0 left on base; State College 1 - Hillsboro 5
Tuesday, March 28th , 2023 - OOTP Baseball 23.10 Build 110